 Dungeon Crawl Stone Soup version 0.30-a0-840-ga523dec638 (webtiles) character file.

Game seed: 17850703164513985041

3738 browni3141 the Ruffian (level 9, 0/92 HPs)
             Began as a Troll Fighter on Mar 2, 2023.
             Was a Priest of Ashenzari.
             Slain by a killer bee (6 damage)
             ... on level 7 of the Dungeon.
             The game lasted 00:16:08 (5951 turns).

browni3141 the Ruffian (Troll Fighter)              Turns: 5951, Time: 00:16:09

Health: 0/92       AC:  4    Str: 30    XL:     9   Next: 93%
Magic:  8/8        EV: 10    Int:  4    God:    Ashenzari [***...]
Gold:   330        SH:  9    Dex:  9    Spells: 8/8 levels left

rFire   . . .      SeeInvis +      - Unarmed
rCold   . . .      Faith    .    b - +0 kite shield
rNeg    + . .      Spirit   .    a - +0 robe of Ashenzari's Altruism {Bglg, Elem} (curse)
rPois   .          Reflect  .    (helmet restricted)
rElec   .          Harm     .    d - scarf "Gnostic Syndicalism" {+Inv, Self, Bglg} (curse)
rCorr   .          Rampage  .    (gloves unavailable)
Will    .....      Clarity  +    (boots unavailable)
Stlth   ++                       f - amulet "Share My Water Diviner" {Acrobat, Cun, Evo} (curse)
HPRegen 1.15/turn                t - ring of see invisible
MPRegen 0.11/turn                y - ring of the Cosmic Gnosis {rN+, Comp, Evo} (curse)

@: lethally poisoned (0 -> -3)
A: large, unfitting armour, claws 3, regeneration 1, shaggy fur 1, tough skin 1
a: Renounce Religion, Evoke Invisibility, Shatter the Chains


You were on level 7 of the Dungeon.
You worshipped Ashenzari.
Ashenzari was most pleased with you.
You visited 2 branches of the dungeon, and saw 9 of its levels.

You collected 564 gold pieces.
You spent 234 gold pieces at shops.

Inventory:

Hand Weapons
 G - the +9 broad axe of Blood-Lust {heavy, rN+ Str+3}
   (You bought it in a shop on level 7 of the Dungeon)

   Str:       It affects your strength (+3).
   rN:        It protects you from negative energy.
Armour
 a - the cursed +0 robe of Ashenzari's Altruism (worn) {Bglg, Elem}

   It has a curse which improves the following skills: Beguiling: Conjurations,
   Hexes and Translocations.
   Elements:  Fire Magic, Ice Magic, Air Magic and Earth Magic.
 b - a +0 kite shield (worn)
 d - the cursed scarf "Gnostic Syndicalism" (worn) {+Inv, Self, Bglg}
   (You found it on level 1 of the Dungeon)

   It has a curse which improves the following skills: Introspection: Fighting
   and Spellcasting.
   Beguiling: Conjurations, Hexes and Translocations.
Jewellery
 f - the cursed amulet "Share My Water Diviner" (around neck) {Acrobat, Cun, Evo}
   (You found it on level 1 of the Dungeon)

   [amulet of the acrobat]

   It increases your evasion while moving and waiting.
   It has a curse which improves the following skills: Cunning: Dodging and
   Stealth.
   Evocations: Evocations.
 t - a ring of see invisible (left claw)
 w - a ring of magical power
 y - the cursed ring of the Cosmic Gnosis (right claw) {rN+, Comp, Evo}
   (You found it on level 5 of the Dungeon)

   [ring of positive energy]

   rN:        It protects you from negative energy.
   It has a curse which improves the following skills: Companions: Summonings
   and Necromancy.
   Evocations: Evocations.
Wands
 x - a wand of digging (1)
 D - a wand of flame (27)
Scrolls
 e - 4 scrolls of amnesia
 g - a scroll of enchant armour
 i - 5 scrolls of teleportation
 k - 12 scrolls of identify
 l - a scroll of silence
 m - a scroll of noise
 n - 4 scrolls of vulnerability
 o - 4 scrolls of enchant weapon
 p - 2 scrolls of immolation
 q - 6 scrolls of fog
 A - a scroll of blinking
 F - a scroll of poison
Potions
 c - 3 potions of might
 h - 11 potions of curing
 j - 3 potions of degeneration
 r - 4 potions of attraction
 s - a potion of mutation
 u - 4 potions of heal wounds
 v - a potion of invisibility
 z - 2 potions of cancellation
 B - a potion of haste
 C - a potion of berserk rage
 E - a potion of flight


   Skills:
 + Level 5.1(6.7) Fighting
 + Level 0.2 Axes
 - Level 6.4(8.0) Dodging
 + Level 3.2(4.6) Stealth
 - Level 7.0 Shields
 - Level 7.0 Unarmed Combat


You had 8 spell levels left.
You didn't know any spells.
Your spell library contained the following spells:

 Spells                   Type           Power      Damage    Failure   Level
 Sting                    Tmut/Pois      0%         1d3       75%         1
 Poisonous Vapours        Pois/Air       0%         N/A       86%         2
 Olgreb's Toxic Radiance  Pois           0%         N/A       100%        4


Dungeon Overview and Level Annotations

Branches:
Dungeon (8/15)             Temple (1/1) D:4
   Lair: D:8-11

Altars:
Ashenzari
Cheibriados
Dithmenos
Elyvilon
Fedhas
Gozag
Hepliaklqana
Kikubaaqudgha
Makhleb
Nemelex Xobeh
Okawaru
Qazlal
Ru
Sif Muna
Trog
Uskayaw
Vehumet
Wu Jian
Xom
Yredelemnul
Zin
The Shining One

Shops:
D:7 (


Innate Abilities, Weirdness & Mutations

You are too large for most types of armour.
You have claws for hands.
Your natural rate of healing is unusually fast.
You are covered in fur. (AC +1)
You have tough skin. (AC +1)


Message History

The killer bee poisons you!
You feel very sick. The killer bee barely misses you.
The killer bee attacks as you move away!
The killer bee barely misses you.
You feel sick. The killer bee completely misses you.
The killer bee attacks as you move away!
The killer bee misses you.
You feel sick. The killer bee completely misses you.
You are too injured to fight recklessly!
You are too injured to fight recklessly!
You are too injured to fight recklessly!
You are too injured to fight recklessly!
You miss the killer bee.
You feel very sick. You block the killer bee's attack.
The killer bee closely misses you. The killer bee stings you!
The killer bee stings you.
* * * LOW HITPOINT WARNING * * *
You are more poisoned.
The killer bee poisons you!
The killer bee stings you but does no damage.
Okay, then.
You are now empty-clawed.
You feel sick.
You are too injured to fight recklessly!
You are too injured to fight recklessly!
You scratch the killer bee.
The killer bee is lightly wounded.
You feel sick. The killer bee closely misses you.
You block the killer bee's attack.
You claw the killer bee!
The killer bee is severely wounded.
You feel sick. The killer bee stings you!
* * * LOW HITPOINT WARNING * * *
You are more poisoned.
The killer bee poisons you! The killer bee stings you.
* * * LOW HITPOINT WARNING * * *
You scratch the killer bee.
The killer bee is almost dead.
You feel very sick. The killer bee stings you.
You die...

...##....##....##.............#
#
.##..#.##..#.##...............#
#
#.#..##.#..##.#......)........#
#
....#########.#...............#
# #...#
#.............).........# #
#...# #.###########)###########
# #...###.# #..# # #....##.#
#####.## # #.#.....# ##yy@..# #
#.#.....# #.y#####
#.####.######.############
#..........>...).........#
######
............#..[.........#
#.....
............#............#
#.####
............#............#
#.####
............#............#
#....#
............#............#
####.#


You could see 3 killer bees.

Vanquished Creatures
  The ghost of Nacht the Scholar of Death, a novice DsNe of Kikubaaqudgha (D:6)
  A hornet (D:8)
  Prince Ribbit (D:5)
  Sigmund (D:3)
  2 wyverns
  Eustachio (D:5)
  A steam dragon (D:6)
  A water moccasin (D:6)
  2 sky beasts
  An ice beast (D:6)
  An orc warrior (D:8)
  2 black bears
  A centaur (D:8)
  6 ogres
  4 scorpions
  4 wights (D:7)
  6 orc priests
  2 hounds
  2 jellies (D:6)
  2 iguanas
  2 orc wizards
  3 gnolls (D:3)
  7 adders
  A white imp (D:7)
  A worm (D:2)
  4 dart slugs
  20 orcs
  7 ball pythons
  6 endoplasms
  4 giant cockroaches
  5 goblins
  A hobgoblin (D:1)
  4 jackals (D:3)
  6 quokkas
  10 bats
  4 frilled lizards
  8 kobolds
  4 rats
139 creatures vanquished.

Notes
Turn   | Place    | Note
-------+----------+-------------------------------------------
     0 | D:1      | browni3141 the Troll Fighter began the quest for the Orb.
     0 | D:1      | Reached XP level 1. HP: 22/22 MP: 0/0
    73 | D:1      | Reached XP level 2. HP: 25/29 MP: 1/1
   587 | D:2      | Reached XP level 3. HP: 36/36 MP: 2/2
   866 | D:2      | Reached XP level 4. HP: 32/44 MP: 3/3
  1225 | D:3      | Noticed Sigmund
  1237 | D:3      | Killed Sigmund
  1238 | D:3      | Reached XP level 5. HP: 44/52 MP: 4/4
  1238 | D:3      | Reached XP level 6. HP: 50/59 MP: 5/5
  1801 | D:4      | Found a staircase to the Ecumenical Temple.
  1979 | D:4      | Reached skill level 5 in Unarmed Combat
  1987 | Temple   | Entered the Ecumenical Temple
  2197 | Temple   | Became a worshipper of Ashenzari the Shackled
  2249 | D:4      | Reached XP level 7. HP: 46/66 MP: 6/6
  2426 | D:4      | Noticed a wyvern
  2434 | D:4      | Killed a wyvern
  2873 | D:5      | Entered Level 5 of the Dungeon
  2878 | D:5      | Found a bloodstained altar of Trog.
  2887 | D:5      | Found an ornate altar of the Wu Jian Council.
  2973 | D:5      | Reached skill level 1 in Stealth
  3218 | D:5      | Noticed Eustachio
  3249 | D:5      | Killed Eustachio
  3250 | D:5      | Reached XP level 8. HP: 78/78 MP: 7/7
  3280 | D:5      | Noticed Prince Ribbit
  3289 | D:5      | Killed Prince Ribbit
  3290 | D:5      | Reached skill level 5 in Shields
  3627 | D:5      | Reached * piety under Ashenzari
  3914 | D:6      | Found a transporter.
  3914 | D:6      | Noticed Nacht's ghost (novice DsNe)
  4162 | D:6      | Reached skill level 5 in Dodging
  4370 | D:6      | Found a transporter.
  4404 | D:6      | Reached XP level 9. HP: 23/85 MP: 8/8
  4595 | D:6      | Killed Nacht's ghost
  4670 | D:7      | Reached ** piety under Ashenzari
  5431 | D:7      | Reached *** piety under Ashenzari
  5494 | D:7      | Found Eniugos's Antique Weapon Shoppe.
  5663 | D:8      | Paralysed by a hornet for 2 turns
  5670 | D:8      | Reached skill level 5 in Fighting
  5801 | D:7      | Bought a blackened broad axe for 234 gold pieces
  5801 | D:7      | Identified the +9 broad axe of Blood-Lust {heavy, rN+
                  | Str+3} (You bought it in a shop on level 7 of the Dungeon)
  5951 | D:7      | Slain by a killer bee

Illustrated notes

Levels and vault maps discovered:
D:1:      lightli_arrival_statue_moat, layout_basic
D:2:      layout_basic
D:3:      layout_basic, hex_tiny, uniq_sigmund
D:4:      layout_gridville, minmay_temple_entry_gardened_gates,
          minmay_parallelograms
D:5:      layout_loops_corners, grunt_temple_overflow_open, uniq_eustachio,
          uniq_prince_ribbit1
D:6:      layout_rooms, gammafunk_ghost_smash,
          eino_small_chamber_without_monster, small_statue_alley_b,
          minmay_misc_feat_diagonals, grunt_tough_drop
D:7:      layout_basic, serial_shops, shop, nicolae_eternal_life
D:8:      layout_cave_pools, erik_lair_island, serial_shops,
          nicolae_lakefront_shop, uniq_maurice
Temple:   nicolae_temple_slightly_damp_pantheon

Skill      XL: |  1  2  3  4  5  6  7  8  9 |
---------------+----------------------------+-----
Shields        | 3 4 6 7 |  7.0
Dodging        | 3 4 5 6 |  6.4
Unarmed Combat | 4 5 6 7 |  7.0
Fighting       | 3 5 |  5.1
Stealth        | 1 3 |  3.2
Axes           | |  0.2

Action                     |  1- 3 |  4- 6 |  7- 9 || total
---------------------------+-------+-------+-------++-------
  Melee: Unarmed           |   119 |   100 |   261 ||   480
         Broad axe         |       |       |    11 ||    11
 Invoke: Curse Item        |       |       |     4 ||     4
   Stab: Sleeping          |       |     1 |     3 ||     4
         Distracted        |       |       |     1 ||     1
 Armour: Robe              |    32 |    39 |    35 ||   106
  Dodge: Dodged            |    32 |    61 |   132 ||   225
  Block: Kite shield       |    46 |    43 |   114 ||   203

Table legend: (Time is in decaauts)
 A = Elapsed time spent in this place.
 B = Non-inter-level travel time spent in this place.
 C = Inter-level travel time spent in this place.
 D = Time resting spent in this place.
 E = Time spent auto-exploring this place.
 F = Levels seen in this place.
 G = Mean time per level.
                   A        B        C        D        E       F      G
               +--------+--------+--------+--------+--------+-----+--------+
         Total |   5987 |   5664 |    323 |     55 |   4339 |   9 |  665.2 |
       Dungeon |   5757 |   5469 |    288 |     55 |   4173 |   8 |  719.6 |
        Temple |    229 |    194 |     35 |      0 |    166 |   1 |  229.0 |
               +--------+--------+--------+--------+--------+-----+--------+

Top non-repeatable levels by time:
     D:7: 1035 daAuts
     D:4: 1023 daAuts
     D:5: 1004 daAuts
     D:6: 770 daAuts
     D:3: 623 daAuts
     D:1: 581 daAuts
     D:2: 431 daAuts
     D:8: 286 daAuts
  Temple: 229 daAuts
